 Dungeon Crawl Stone Soup version 0.30-a0-626-gd6a5dd7a1f (webtiles) character file.

Game seed: 3118896674474210602

165 avis the Trooper (level 5, -5/46 HPs)
             Began as a Demigod Warper on Jan 11, 2023.
             Slain by Menkaure (18 damage)
             ... on level 3 of the Dungeon.
             The game lasted 00:16:36 (3545 turns).

avis the Trooper (Demigod Warper)                   Turns: 3545, Time: 00:16:36

Health: -5/46      AC:  5    Str: 11 (12) XL:     5   Next: 1%
Magic:  10/10      EV: 12    Int: 14 (15) God:
Gold:   105        SH:  0    Dex: 15 (17) Spells: 6/8 levels left

rFire   + . .      SeeInvis .    b - +2 dagger (venom)
rCold   . . .      Faith    .    (no shield)
rNeg    . . .      Spirit   .    e - +0 leather armour
rPois   .          Reflect  .    (no helmet)
rElec   .          Harm     .    l - +0 cloak
rCorr   .          Rampage  .    (no gloves)
Will    .....                    m - +0 pair of boots
Stlth   +                        (no amulet)
HPRegen 0.27/turn                s - ring of protection from fire
MPRegen 0.12/turn                (no ring)

@: attractive
A: high MP 1, forlorn, divine attributes
a: no special abilities


You were on level 3 of the Dungeon.
You visited 1 branch of the dungeon, and saw 4 of its levels.

You collected 105 gold pieces.

Inventory:

Hand Weapons
 a - a +0 falchion
 b - a +2 dagger of venom (weapon)
 j - a +4 heavy hand axe
Missiles
 d - 7 boomerangs of dispersal (quivered)
 g - 17 poisoned darts
Armour
 e - a +0 leather armour (worn)
 i - a +0 ring mail
 l - a +0 cloak (worn)
 m - a +0 pair of boots (worn)
Jewellery
 s - a ring of protection from fire (left hand)
Scrolls
 c - a scroll of blinking
 f - a scroll of magic mapping {unknown}
 h - a scroll of brand weapon {unknown}
 n - a scroll of noise {unknown}
 o - a scroll of vulnerability {unknown}
 t - a scroll of teleportation {unknown}
 u - 3 scrolls of identify {unknown}
 v - a scroll of enchant armour {unknown}
Potions
 k - 2 potions of degeneration
 p - a potion of magic
 r - a potion of attraction


   Skills:
 * Level 4.0 Fighting
 - Level 1.7 Long Blades
 - Level 1.0 Throwing
 - Level 0.8 Armour
 - Level 3.0 Dodging
 - Level 2.0 Spellcasting
 - Level 3.0 Translocations


You had 6 spell levels left.
You knew the following spells:

 Your Spells              Type           Power      Damage    Failure   Level
b - Blink                 Tloc           18%        N/A       14%         2

Your spell library contained the following spells:

 Spells                   Type           Power      Damage    Failure   Level
 Gell's Gravitas          Tloc           9%         N/A       26%         3
 Lesser Beckoning         Tloc           18%        N/A       26%         3
 Teleport Other           Tloc           9%         N/A       26%         3
 Cigotuvi's Dreadful Rot  Necr/Pois/Air  2%         N/A       43%         2
 Poisonous Vapours        Pois/Air       2%         N/A       43%         2
 Vhi's Electric Charge    Tloc/Air       10%        N/A       45%         3
 Manifold Assault         Tloc           9%         N/A       65%         4
 Mephitic Cloud           Conj/Pois/Air  1%         N/A       67%         3
 Dispersal                Tloc           4%         N/A       100%        6
 Storm Form               Tmut/Air       0%         N/A       100%        7


Dungeon Overview and Level Annotations

Branches:
Dungeon (4/15)
 Temple: D:4-7

Annotations:
D:3 3 runed translucent doors, Menkaure; bmack86's ghost, amateur MiFi


Innate Abilities, Weirdness & Mutations

You have an increased reservoir of magic. (+10% MP)
You shall have no god before yourself.
Your divine heritage dramatically boosts your attributes as you level up.


Message History

There is a stone staircase leading down here.
You have 105 gold pieces.
You start resting.
HP restored.
You climb downwards.
Menkaure shouts!
Found an escape hatch in the floor.
There is a stone staircase leading up here.
Menkaure hits you!!
You climb upwards.
Level annotation: 3 runed translucent doors, bmack86's ghost, amateur MiFi
There is a stone staircase leading down here.
It was a potion of degeneration.
There was something very wrong with that liquid.
You feel weakened.
You feel dopey.
You feel clumsy. Menkaure hits you!!
* * * LOW HITPOINT WARNING * * *
It was a potion of curing.
You feel better.
Menkaure gestures at you while chanting.
Pain shoots through your body!
* * * LOW HITPOINT WARNING * * *
It was a potion of magic.
Magic courses through your body.
It was a potion of attraction.
You feel attractive to monsters.
Menkaure gestures wildly while chanting.
Menkaure seems to speed up.
You feel better.
Menkaure calls on the powers of darkness!
Your body is wracked with pain!
* * * LOW HITPOINT WARNING * * *
You feel better. Menkaure hits you!
* * * LOW HITPOINT WARNING * * *
Menkaure barely misses you.
You hit Menkaure.
Menkaure is lightly damaged.
Menkaure barely misses you.
You hit Menkaure but do no damage.
Menkaure is lightly damaged.
Menkaure hits you!!
You die...

##### #...#
###########.#.#
#...........#.######
#.########..#......#
#.#### #..######.#
#....#####..#......#
#####'##.........####
...............<@...#
##.....#######.#M..##
........# #...######
≈≈≈≈≈≈≈.# #.#......#
......≈.# #...####.#
≈≈§≈≈.≈.# ###.# #.#
§...§.≈.# #.####.#
≈._.≈.≈.# #......#
≈.....≈.# #.######


You could see Menkaure (fast).

Vanquished Creatures
  A hound (D:3)
  An orc priest (D:3)
  3 adders
  3 worms
  4 orcs (D:3)
  7 endoplasms
  3 giant cockroaches
  5 goblins
  6 hobgoblins
  3 jackals (D:3)
  2 quokkas
  8 ball pythons
  6 bats
  4 frilled lizards
  5 kobolds
  2 rats (D:3)
63 creatures vanquished.

Notes
Turn   | Place    | Note
-------+----------+-------------------------------------------
     0 | D:1      | avis the Demigod Warper began the quest for the Orb.
     0 | D:1      | Reached XP level 1. HP: 17/17 MP: 5/5
   165 | D:1      | Reached skill level 2 in Fighting
   302 | D:1      | Reached XP level 2. HP: 17/25 MP: 7/7
   949 | D:2      | Learned a level 2 spell: Blink
  1065 | D:2      | Reached skill level 3 in Fighting
  1397 | D:2      | Reached XP level 3. HP: 31/31 MP: 8/8
  2050 | D:3      | Reached skill level 1 in Throwing
  2050 | D:3      | Reached XP level 4. HP: 15/38 MP: 9/9
  2970 | D:3      | Reached skill level 4 in Fighting
  3158 | D:3      | Found a runed translucent gate.
  3158 | D:3      | Found a runed translucent gate.
  3158 | D:3      | Found a runed translucent gate.
  3160 | D:3      | Noticed bmack86's ghost (amateur MiFi)
  3487 | D:4      | Reached XP level 5. HP: 33/46 MP: 10/10
  3535 | D:4      | Noticed Menkaure
  3545 | D:3      | Slain by Menkaure

Illustrated notes

Levels and vault maps discovered:
D:1:      psy_arrival_radial02, layout_basic,
          shapermc_ecumenical_altar_mp_urbaneastern, feat_on_display
D:2:      layout_loops_corners, basic_altar
D:3:      layout_basic, mainiacjoe_overflow_concentric_impassable,
          mainiacjoe_overflow_cross_hatched, mainiacjoe_overflow_brackets,
          ebering_ghost_gozag, hex_tiny, kennysheep_small_spiral
D:4:      nicolae_cairo_tiling_large_dashed, layout_loops_corners,
          mainiacjoe_overflow_alcove_2, biasface_ghost_orc_armoury,
          minivault_24, amcnicky_mini_corridor_feature, hangedman_decor_growths,
          st_stairs_1, minmay_fractal_squares_5, uniq_menkaure, uniq_edmund

Skill      XL: |  1  2  3  4 |
---------------+-------------+-----
Fighting       | 2 3 4 |  4.0
Dodging        | 2 3 |  3.0
Spellcasting   | 2 |  2.0
Translocations | 3 |  3.0
Throwing       | 1 |  1.0
Long Blades    | |  1.7
Armour         | |  0.8

Action                   |  1- 3 |  4- 6 || total
-------------------------+-------+-------++-------
Melee: Dagger            |   116 |    85 ||   201
       Falchion          |     3 |       ||     3
       Punch             |     2 |       ||     2
  Use: Potion            |       |     6 ||     6
 Stab: Sleeping          |     2 |       ||     2
Armor: Leather armour    |    32 |    20 ||    52
Dodge: Dodged            |    70 |    52 ||   122

Table legend: (Time is in decaauts)
 A = Elapsed time spent in this place.
 B = Non-inter-level travel time spent in this place.
 C = Inter-level travel time spent in this place.
 D = Time resting spent in this place.
 E = Time spent auto-exploring this place.
 F = Levels seen in this place.
 G = Mean time per level.
                   A        B        C        D        E       F      G
               +--------+--------+--------+--------+--------+-----+--------+
         Total |   3543 |   3167 |    376 |    454 |   1912 |   4 |  885.8 |
       Dungeon |   3543 |   3167 |    376 |    454 |   1912 |   4 |  885.8 |
               +--------+--------+--------+--------+--------+-----+--------+

Top non-repeatable levels by time:
     D:3: 1386 daAuts
     D:2: 1183 daAuts
     D:1: 949 daAuts
     D:4: 25 daAuts
